 Dungeon Crawl Stone Soup version 0.17-a0-1596-g1e86911 (webtiles) character file.

4683 Oddball22 the Geomancer (level 10, -5/59 HPs)
             Began as a Gargoyle Earth Elementalist on July 31, 2015.
             Was a Follower of Fedhas.
             Killed by Ozocubu's Refrigeration
             ... invoked by Fannar
              (11 damage)
             ... on level 10 of the Dungeon.
             The game lasted 00:55:58 (8723 turns).

Oddball22 the Geomancer (GrEE)                      Turns: 8723, Time: 00:56:00

Health: -5/59      AC: 14    Str: 15    XL:     10   Next: 44%
Magic:  17/17      EV: 12    Int: 21    God:    Fedhas [*.....]
Gold:   416        SH:  0    Dex: 10    Spells: 7 memorised, 0 levels left

rFire  + . .     SeeInvis .     b - +10 spear "Xucif" {drain, rPois MR+}
rCold  . . .     Clarity  .     s - +1 robe {rF+}
rNeg   + . .     SustAt   .     (no shield)
rPois  ∞         Gourm    .     e - +0 helmet
rElec  +         Spirit   .     k - +0 cloak
rCorr  .         Warding  .     J - +0 pair of gloves
rMut   .         Stasis   .     x - +0 pair of boots
MR     +....                    (no amulet)
Stlth  ++........               (no ring)
                                (no ring)

@: brilliant, somewhat resistant to hostile enchantments, unstealthy
A: negative energy resistance 1, electricity resistance, unbreathing,
petrification resistance, rot immunity, AC +7
a: Evolution, Renounce Religion


You were on level 10 of the Dungeon.
You worshipped Fedhas.
Fedhas was aware of your devotion.
You were very hungry.

You visited 2 branches of the dungeon, and saw 10 of its levels.

You collected 416 gold pieces.

Inventory:

Hand weapons
 a - a +2 dagger of electrocution
 b - the +10 spear "Xucif" (weapon) {drain, rPois MR+}
   (You found it on level 9 of the Dungeon)

   A truly terrible weapon, it drains the life of those it strikes.
   It protects you from poison.
   It affects your resistance to hostile enchantments.
 S - a +1 dagger of chaos
 Y - a +0 dagger of venom
Missiles
 g - 66 bolts
 h - 19 bolts of flame
 u - 363 stones (quivered)
 C - 9 poisoned bolts
Armour
 e - a +0 helmet (worn)
 k - a +0 cloak (worn)
 s - a +1 robe of fire resistance (worn)
 x - a +0 pair of boots (worn)
 J - a +0 pair of gloves (worn)
Magical staves
 R - a cursed staff of cold
Jewellery
 z - an uncursed ring of teleportation
Magical devices
 l - a wand of lightning (8)
 y - a wand of polymorph (6)
 O - a wand of flame (34)
 U - a wand of random effects (18)
Scrolls
 i - 2 scrolls of remove curse
 j - a scroll of enchant armour {unknown}
 m - 6 scrolls of teleportation {unknown}
 n - 3 scrolls of fear {unknown}
 p - a scroll of noise {unknown}
 r - a scroll of enchant weapon {unknown}
 t - 7 scrolls of identify
 D - 3 scrolls of magic mapping {unknown}
 F - 2 scrolls of fog {unknown}
 H - 2 scrolls of recharging {unknown}
 I - a scroll of summoning {unknown}
Potions
 o - 2 potions of brilliance
 q - 2 potions of curing
 v - a potion of haste {unknown}
 w - a potion of poison {unknown}
 A - a potion of cancellation {unknown}
 B - a potion of ambrosia
 E - 2 potions of agility {unknown}
 K - a potion of might {unknown}
 L - 2 potions of heal wounds {unknown}
 M - a potion of experience {unknown}
 N - 2 potions of mutation {unknown}
 Q - a potion of magic {unknown}
 T - 2 potions of resistance {unknown}
Books
 c - a book of Geomancy

   Spells                             Type                      Level
   a - Sandblast                      Earth                        1
   b - Stoneskin                      Transmutation/Earth          2
   c - Passwall                       Transmutation/Earth          3
   d - Stone Arrow                    Conjuration/Earth            3
   e - Petrify                        Transmutation/Earth          4
   f - Lee's Rapid Deconstruction     Earth                        5
 G - a book of Callings

   Spells                             Type                      Level
   a - Summon Small Mammal            Summoning                    1
   b - Call Imp                       Summoning                    2
   c - Call Canine Familiar           Summoning                    3
   d - Summon Guardian Golem          Hexes/Summoning              3
   e - Summon Lightning Spire         Summoning/Air                4
   f - Summon Ice Beast               Ice/Summoning                4
 V - a book of Air

   Spells                             Type                      Level
   a - Shock                          Conjuration/Air              1
   b - Swiftness                      Charms/Air                   2
   c - Repel Missiles                 Charms/Air                   2
   d - Static Discharge               Conjuration/Air              3
   e - Lightning Bolt                 Conjuration/Air              5
Comestibles
 d - 5 bread rations
 f - 5 meat rations
 P - 13 fruits
 X - a beef jerky


   Skills:
 * Level 5.3 Fighting
 + Level 3.2 Armour
 - Level 1.5 Dodging
 - Level 2.1 Stealth
 - Level 5.2 Spellcasting
 - Level 5.4 Conjurations
 + Level 0.6 Summonings
 - Level 6.3 Transmutations
 + Level 10.7 Earth Magic
 + Level 1.4 Invocations


You couldn't memorise any spells.
You knew the following spells:

 Your Spells              Type           Power        Failure   Level  Hunger
a - Sandblast             Erth           ######       1%          1    None
b - Stoneskin             Trmt/Erth      ######..     1%          2    None
c - Passwall              Trmt/Erth      ######....   1%          3    ##.....
d - Stone Arrow           Conj/Erth      ######       1%          3    ##.....
e - Petrify               Trmt/Erth      ######..     1%          4    ####...
f - Lee's Rapid Deconstr  Erth           ######....   1%          5    #####..
g - Summon Small Mammal   Summ           ###.         1%          1    None


Dungeon Overview and Level Annotations

Branches:
Dungeon (10/15)            Temple (1/1) D:5
   Lair: D:8-11         Orc: D:9-12

Altars:
Ashenzari
Cheibriados
Dithmenos
Elyvilon
Fedhas
Gozag
Kikubaaqudgha
Makhleb
Nemelex Xobeh
Okawaru
Qazlal
Ru
Sif Muna
Trog
Vehumet
Xom
Yredelemnul
Zin
The Shining One

Annotations:
D:10 Fannar


Innate Abilities, Weirdness & Mutations

You are resistant to torment.
Your stone body is resilient (AC +7).
You are immune to poison.
You resist negative energy.
You are resistant to electric shocks.
You can survive without breathing.
You are immune to petrification.
You are immune to rotting.


Message History

Fannar mumbles some strange words.
Fannar drains the heat from the surrounding environment!
You feel very cold.
* * * LOW HITPOINT WARNING * * *
Fannar is frozen.
Fannar resists.
You bump into the rock wall.
The ice beast hits you but does no damage.
Fannar mumbles some strange words.
Fannar drains the heat from the surrounding environment!
You feel very cold.
* * * LOW HITPOINT WARNING * * *
Fannar is frozen.
Fannar resists.
You bump into the rock wall.
You feel less invigorated.
You feel less confused.
The ice beast hits you but does no damage.
Fannar gestures wildly while chanting.
Fannar drains the heat from the surrounding environment!
You feel very cold.
You die...
Fedhas appreciates your contribution to the ecosystem.

#.......#
....##
#.......#
..##
#########
# # .#
.### ##
.... #...
####..#
##..
#####Y@..#
###
#..Ye.####
..
.......###
.# ....$..
. .
....... ..
....... ..
...$...
#..####
###


You could see Fannar and 2 ice beasts.

Vanquished Creatures
  A wyvern (D:6)
  A hippogriff (D:7)
  2 deep elf magi
  A mottled dragon (D:9)
  A hungry ghost (D:10)
  An ice beast (D:6)
  A boggart (D:3)
  2 orc warriors
  2 sky beasts
  4 centaurs
  3 ogres
  2 black bears (D:7)
  A necrophage (D:9)
  A giant frog (D:9)
  A big kobold (D:9)
  A wyvern skeleton (D:9)
  5 scorpions
  A water moccasin skeleton (D:6)
  3 jellies
  12 wights
  4 centaur zombies
  5 crimson imps
  A human zombie (D:7)
  4 orc priests
  A quasit (D:9)
  A giant frog skeleton (D:7)
  2 giant frog zombies
  A centaur skeleton (D:5)
  4 hounds
  A human skeleton (D:7)
  2 iguanas
  6 worker ants
  5 orc wizards
  A hound zombie (D:5)
  2 hound skeletons (D:4)
  3 mummies (D:7)
  3 gnolls (D:4)
  12 adders
  2 shadow imps (D:9)
  A white imp (D:4)
  2 oozes (D:2)
  2 adder zombies (D:5)
  An adder skeleton (D:4)
  A worm (D:2)
  A giant gecko (D:7)
  41 orcs
  12 giant cockroaches
  3 hobgoblins
  5 jackals
  9 kobolds
  6 quokkas
  2 ball pythons
  10 bats
  6 giant newts
  6 goblins
  2 quokka zombies
  10 rats
226 creatures vanquished.

Vanquished Creatures (others)
  32 toadstools
32 creatures vanquished.

Grand Total: 258 creatures vanquished

Notes
Turn   | Place    | Note
--------------------------------------------------------------
     0 | D:1      | Oddball22 the Gargoyle Earth Elementalist began the quest for the Orb.
     0 | D:1      | Reached XP level 1. HP: 10/10 MP: 3/3
   440 | D:1      | Reached XP level 2. HP: 14/16 MP: 0/5
   458 | D:1      | Reached skill level 1 in Fighting
   559 | D:1      | Learned a level 2 spell: Stoneskin
  1111 | D:2      | Reached skill level 4 in Earth Magic
  1111 | D:2      | Reached XP level 3. HP: 20/20 MP: 4/6
  1630 | D:2      | Reached XP level 4. HP: 26/26 MP: 7/7
  1642 | D:2      | Learned a level 3 spell: Passwall
  1774 | D:2      | Reached skill level 1 in Armour
  2097 | D:3      | Found a burning altar of Makhleb.
  2098 | D:3      | Found a shimmering altar of Xom.
  2100 | D:3      | Reached skill level 1 in Transmutations
  2100 | D:3      | Reached XP level 5. HP: 30/32 MP: 8/8
  2348 | D:3      | Noticed an ogre
  2391 | D:3      | Noticed a boggart
  2391 | D:3      | an ogre changed into a boggart
  2402 | D:3      | Killed a boggart
  2402 | D:3      | Reached XP level 6. HP: 33/38 MP: 7/9
  2417 | D:3      | Learned a level 3 spell: Stone Arrow
  3043 | D:4      | Reached skill level 5 in Fighting
  3043 | D:4      | Reached XP level 7. HP: 44/44 MP: 6/10
  3332 | D:4      | Reached skill level 5 in Earth Magic
  3608 | D:4      | Reached skill level 1 in Conjurations
  3724 | D:5      | Entered Level 5 of the Dungeon
  3808 | D:5      | Found a sacrificial altar of Ru.
  3844 | D:5      | Found a staircase to the Ecumenical Temple.
  3881 | Temple   | Entered the Ecumenical Temple
  4024 | D:5      | Reached skill level 6 in Earth Magic
  4056 | D:5      | Reached XP level 8. HP: 34/49 MP: 12/12
  4200 | D:5      | Found an ancient bone altar of Kikubaaqudgha.
  4422 | D:5      | Reached skill level 7 in Earth Magic
  5086 | D:6      | Reached skill level 8 in Earth Magic
  5206 | D:6      | Learned a level 4 spell: Petrify
  5280 | D:6      | Reached XP level 9. HP: 54/54 MP: 5/15
  5794 | D:6      | Found a snail-covered altar of Cheibriados.
  5810 | D:6      | Found a glowing silver altar of Zin.
  5965 | D:7      | Found a blossoming altar of Fedhas.
  5972 | D:7      | Became a worshipper of Fedhas Madash
  6144 | D:7      | Reached skill level 9 in Earth Magic
  6663 | D:7      | Found a basalt altar of Yredelemnul.
  6921 | D:7      | Reached skill level 5 in Conjurations
  7126 | D:7      | Reached skill level 5 in Spellcasting
  7316 | D:7      | Reached skill level 5 in Transmutations
  7326 | D:7      | Learned a level 5 spell: Lee's Rapid Deconstruction
  7334 | D:7      | You fall through a shaft for 2 floors!
  7572 | D:9      | Reached XP level 10. HP: 59/59 MP: 15/17
  7630 | D:9      | Learned a level 1 spell: Summon Small Mammal
  7676 | D:9      | Found a blossoming altar of Fedhas.
  7859 | D:9      | Reached skill level 10 in Earth Magic
  7942 | D:9      | Acquired Fedhas's first power
  7966 | D:9      | Got a polished spear
  7967 | D:9      | Identified the +10 spear "Xucif" {drain, rPois MR+} (You found it on level 9 of the Dungeon)
  8317 | D:10     | Entered Level 10 of the Dungeon
  8452 | D:10     | Reached skill level 1 in Invocations
  8523 | D:10     | Found a shimmering altar of Xom.
  8555 | D:10     | Noticed a hill giant
  8705 | D:10     | Noticed Fannar
  8722 | D:10     | HP: 1/59 [Fannar/Ozocubu's Refrigeration (12)]
  8723 | D:10     | Killed from afar by Fannar

Vault maps used:
D:1:      onia_arrival_mini_maze
D:2:      kennysheep_nub
D:3:      grunt_temple_overflow_champion_of_chaos
D:4:      gup_sewer_entry_bowl, minmay_fire_ice_demons
D:5:      minmay_temple_entry_large_hall, first_bread, basic_altar,
          serial_undead, serial_undead_b, serial_undead_a, serial_undead_f,
          serial_undead_e, nicolae_ru_the_path_less_chosen
D:6:      amethyst_overflow_temple_binary, corexii_checkpoint_a, st_stairs_5,
          grunt_potential
D:7:      lemuel_coloured_pillars_altar, old_standard_altar,
          lemuel_mausoleum_altar_kikubaaqudgha
D:9:      serial_glass, glass_columns_b, glass_columns_c, hangedman_tree_tricks
D:10:     orc_0_dummy, basic_altar, kennysheep_generic_room_13, uniq_fannar,
          uniq_nergalle
Temple:   circular_temple_12

Action                   |  1- 3 |  4- 6 |  7- 9 | 10-12 || total
-------------------------+-------+-------+-------+-------++-------
Melee: Club              |    60 |       |       |       ||    60
       Dagger            |     8 |    90 |   437 |    60 ||   595
       Spear             |       |       |       |    64 ||    64
 Cast: Sandblast         |    60 |    15 |    21 |     3 ||    99
       Stone Arrow       |       |     6 |    67 |    22 ||    95
       Stoneskin         |       |       |     3 |     2 ||     5
Evoke: Wand              |       |     2 |       |       ||     2
  Use: Scroll            |       |     2 |     2 |     3 ||     7
       Potion            |       |       |     1 |     2 ||     3
 Stab: Sleeping          |     3 |     4 |     2 |     1 ||    10
       Paralysed         |       |       |     2 |       ||     2
       Petrified         |       |       |     1 |       ||     1
  Eat: Chunk             |     3 |     6 |    17 |     2 ||    28
       Bread ration      |       |       |     1 |       ||     1
       Fruit             |       |       |       |     2 ||     2
